 Dungeon Crawl Stone Soup version 0.29.1-13-g9f3cf754e1 (webtiles) character file.

Game seed: 4664367849066832669

564 enclume the Magician (level 7, -1/36 HPs)
             Began as a Deep Elf Fire Elementalist on Feb 2, 2023.
             Was an Initiate of Sif Muna.
             Slain by Pikel
             ... wielding a +0 whip of freezing
              (3 damage)
             ... on level 5 of the Dungeon.
             The game lasted 00:26:35 (4546 turns).

enclume the Magician (Deep Elf Fire Elementalist)   Turns: 4546, Time: 00:26:35

Health: -1/36      AC:  6    Str:  7    XL:     7   Next: 10%
Magic:  12/17      EV: 14    Int: 20    God:    Sif Muna [......]
Gold:   184        SH:  0    Dex: 21    Spells: 16/17 levels left

rFire   . . .      SeeInvis .   q - +2 dagger (protect)
rCold   . . .      Faith    .   (no shield)
rNeg    . . .      Spirit   .   t - +0 leather armour
rPois   .          Reflect  .   g - +0 helmet
rElec   .          Harm     .   f - +0 cloak
rCorr   .          Rampage  .   i - +0 pair of gloves
Will    .....                   (no boots)
Stlth   ++........              c - amulet of regeneration
HPRegen 0.92/turn               d - ring of wizardry
MPRegen 0.15/turn               z - +6 ring of dexterity

@: no status effects
A: no striking features
a: Renounce Religion


You were on level 5 of the Dungeon.
You worshipped Sif Muna.
Sif Muna was noncommittal.
You visited 2 branches of the dungeon, and saw 6 of its levels.

You collected 217 gold pieces.
You spent 33 gold pieces at shops.

Inventory:

Hand Weapons
 b - a +2 vorpal mace
 e - a +2 short sword of venom
 q - a +2 dagger of protection (weapon)
Armour
 a - a +0 robe
 f - a +0 cloak (worn)
 g - a +0 helmet (worn)
 i - a +0 pair of gloves (worn)
 t - a +0 leather armour (worn)
 v - +0 ice dragon scales
Jewellery
 c - an amulet of regeneration (around neck)
 d - a ring of wizardry (left hand)
 s - a ring of protection from fire
 z - a +6 ring of dexterity (right hand)
Wands
 w - a wand of quicksilver (11)
Scrolls
 l - 2 scrolls of noise
 m - a scroll of brand weapon {unknown}
 x - 2 scrolls of enchant armour {unknown}
 y - a scroll of teleportation
 A - a scroll of enchant weapon {unknown}
Potions
 h - 4 potions of attraction
 j - 6 potions of lignification
 k - a potion of curing
 n - 2 potions of brilliance
 o - 3 potions of haste
 p - 2 potions of berserk rage
 r - a potion of mutation {unknown}
 u - a potion of degeneration {unknown}
 B - 2 potions of heal wounds {unknown}


   Skills:
 + Level 5.1 Dodging
 - Level 2.4 Stealth
 + Level 5.6 Spellcasting
 + Level 4.2 Conjurations
 + Level 5.3 Fire Magic


You had 16 spell levels left.
You knew the following spells:

 Your Spells              Type           Power      Damage    Failure   Level
a - Foxfire               Conj/Fire      96%        2x1d8     1%          1

Your spell library contained the following spells:

 Spells                   Type           Power      Damage    Failure   Level
 Magic Dart               Conj           88%        1d7       1%          1
 Scorch                   Fire           52%        2d7       1%          2
 Conjure Flame            Conj/Fire      24%        6-21      2%          3
 Apportation              Tloc           10%        N/A       7%          1
 Freeze                   Ice            20%        1d4       7%          1
 Inner Flame              Hex/Fire       16%        N/A       7%          3
 Flame Wave               Conj/Fire      24%        2d8       9%          4
 Ignite Poison            Fire/Tmut/Pois 12%        N/A       10%         3
 Mephitic Cloud           Conj/Pois/Air  11%        N/A       12%         3
 Animate Armour           Summ/Erth      10%        N/A       52%         4
 Freezing Cloud           Conj/Ice/Air   5%         6-21      67%         5
 Blade Hands              Tmut           2%         N/A       86%         5
 Iron Shot                Conj/Erth      7%         9d2       98%         6


Dungeon Overview and Level Annotations

Branches:
Dungeon (5/15)             Temple (1/1) D:5

Altars:
Ashenzari
Cheibriados
Dithmenos
Elyvilon
Gozag
Hepliaklqana
Kikubaaqudgha
Nemelex Xobeh
Okawaru
Sif Muna
Trog
Uskayaw
Vehumet
Wu Jian
Xom
Zin
The Shining One

Shops:
D:2 !

Annotations:
D:5 Pikel


Message History

The foxfire hits Pikel.
Pikel is moderately wounded.
You conjure some foxfire!
The foxfire hits Pikel!
Pikel is heavily wounded.
The foxfire hits Pikel.
Pikel is heavily wounded.
Pikel hits you with a +0 whip of freezing.
Pikel freezes you.
You conjure some foxfire!
The foxfire hits the lemure but does no damage.
The lemure closely misses you.
Pikel hits you with a +0 whip of freezing.
Pikel freezes you.
The foxfire hits Pikel.
Pikel is severely wounded.
Pikel completely misses you.
You conjure some foxfire!
The lemure closely misses you. The lemure barely misses you.
Pikel closely misses you. The lemure hits you.
The foxfire hits the lemure.
The lemure is lightly wounded.
The foxfire hits the lemure.
The lemure is lightly wounded.
Pikel hits you with a +0 whip of freezing.
Pikel freezes you. The lemure misses you. The lemure barely misses you.
The lemure closely misses you.
You conjure some foxfire!
The lemure hits you. x2
The lemure hits you but does no damage. Pikel closely misses you.
The foxfire hits the lemure.
The lemure is moderately wounded.
The foxfire hits the lemure but does no damage.
The lemure is moderately wounded.
The lemure barely misses you. The lemure hits you.
Pikel hits you with a +0 whip of freezing.
Pikel freezes you. The lemure hits you.
You feel better. The lemure hits you! The lemure completely misses you.
Pikel hits you with a +0 whip of freezing!
* * * LOW HITPOINT WARNING * * *
Pikel freezes you.
You die...

#...# #.......... # #..##
#.#######!# # #..# #
#.#.....#.# #
#..##.#####.#.$...#.#
#.........#.#.._.$#.###
###.#######.#.#.....#....
.......#......#.....#....
..............###5###..#
#.#########.#...@K5...#..
#.# #.#.#.55..### #.#
#.#.##.#### #.# #.#......
..# #.######## ### #.#
#.#


You could see Pikel and 4 lemures.

Vanquished Creatures
  2 ogres (D:4)
  An orc priest (D:4)
  Jessica (D:2)
  An iguana (D:4)
  2 orc wizards
  11 gnolls
  6 adders
  A river rat (D:3)
  2 worms
  3 dart slugs
  9 orcs
  7 ball pythons
  8 bats
  6 endoplasms
  4 giant cockroaches
  7 goblins
  6 hobgoblins
  2 quokkas (D:3)
  4 frilled lizards
  4 kobolds
  5 rats
92 creatures vanquished.

Vanquished Creatures (others)
  272 foxfires
272 creatures vanquished.

Grand Total: 364 creatures vanquished

Notes
Turn   | Place    | Note
-------+----------+-------------------------------------------
     0 | D:1      | enclume the Deep Elf Fire Elementalist began the quest for
                  | the Orb.
     0 | D:1      | Reached XP level 1. HP: 10/10 MP: 6/6
   216 | D:1      | Reached XP level 2. HP: 15/15 MP: 2/8
   700 | D:1      | Found a faded altar of an unknown god.
   829 | D:2      | Reached XP level 3. HP: 19/19 MP: 7/9
  1274 | D:2      | Found Wuaj Oma's Distillery.
  1301 | D:2      | Bought a potion of curing for 33 gold pieces
  1520 | D:2      | Noticed Jessica
  1525 | D:2      | Killed Jessica
  1526 | D:2      | Reached XP level 4. HP: 24/24 MP: 8/12
  2288 | D:3      | Reached XP level 5. HP: 22/28 MP: 3/13
  3045 | D:3      | Identified the +1 chain mail "Kobio" {rElec}
  3120 | D:4      | Noticed an ogre
  3126 | D:4      | Killed an ogre
  3127 | D:4      | Reached XP level 6. HP: 32/32 MP: 9/15
  3257 | D:4      | Reached skill level 5 in Spellcasting
  3384 | D:4      | Noticed Menkaure
  3412 | D:4      | Reached skill level 5 in Fire Magic
  3855 | D:4      | Reached skill level 5 in Dodging
  3859 | D:4      | Reached XP level 7. HP: 27/36 MP: 10/17
  4153 | D:5      | Entered Level 5 of the Dungeon
  4155 | D:5      | Found a shimmering altar of Xom.
  4190 | D:5      | Found a staircase to the Ecumenical Temple.
  4196 | Temple   | Entered the Ecumenical Temple
  4286 | Temple   | Became a worshipper of Sif Muna the Loreminder
  4325 | D:5      | Got An Initiation to Hermeneutics
  4338 | D:5      | Found an opulent altar of Gozag.
  4522 | D:5      | Found an ancient bone altar of Kikubaaqudgha.
  4531 | D:5      | Noticed Pikel
  4546 | D:5      | Slain by Pikel

Illustrated notes

Levels and vault maps discovered:
D:1:      lightli_arrival_lavapool, layout_basic,
          dilly_ecumenical_altar_fadedgnrine
D:2:      layout_loops_ring, serial_shops, shop, ebering_dispersal_statue_hall,
          uniq_jessica
D:3:      layout_basic, gup_sewer_entry_bowl
D:4:      layout_basic, due_unseen_surprise, uniq_menkaure
D:5:      layout_loops_ring, amcnicky_altar_gilded,
          mainiacjoe_overflow_large_starburst,
          minmay_temple_entry_enclosed_plants, serial_shops,
          nicolae_diamond_shop, minmay_crossroads, uniq_pikel
Temple:   nicolae_temple_two_arcs

Skill      XL: |  1  2  3  4  5  6 |
---------------+-------------------+-----
Dodging        | 3 4 5 |  5.1
Conjurations   | 2 3 4 |  4.2
Spellcasting   | 4 5 |  5.6
Fire Magic     | 4 5 |  5.3
Stealth        | |  2.4

Action                   |  1- 3 |  4- 6 |  7- 9 || total
-------------------------+-------+-------+-------++-------
Melee: Unarmed           |     3 |       |       ||     3
       Dagger            |     2 |    29 |     8 ||    39
       Punch             |       |     1 |       ||     1
 Cast: Foxfire           |    75 |   112 |    16 ||   203
  Use: Scroll            |     3 |     4 |     3 ||    10
       Potion            |       |     3 |     1 ||     4
Armor: Robe              |    21 |       |       ||    21
       Leather armour    |     1 |    31 |     5 ||    37
Dodge: Dodged            |    28 |    83 |    25 ||   136
